 Dungeon Crawl Stone Soup version 0.20.1-1-g8b1a95d66d (webtiles) character file.

237 Romulous the Covered (level 5, -3/47 HPs)
             Began as a Minotaur Fighter on Dec 14, 2017.
             Slain by Duvessa
             ... wielding a +0 short sword
              (12 damage)
             ... on level 4 of the Dungeon.
             The game lasted 00:06:24 (2654 turns).

Romulous the Covered (Minotaur Fighter)             Turns: 2654, Time: 00:06:26

Health: -3/47      AC: 13    Str: 22    XL:     5   Next: 77%
Magic:  4/4        EV:  4    Int:  5    God:
Gold:   138        SH:  9    Dex:  9    Spells: 4/4 levels left

rFire    . . .     SeeInvis .   a - +0 war axe
rCold    . . .     Gourm    .   c - +0 shield
rNeg     . . .     Faith    .   g - +0 plate armour
rPois    .         Spirit   .   (helmet restricted)
rElec    .         Reflect  .   (no cloak)
rCorr    .         Harm     .   (no gloves)
MR       .....                  u - +0 pair of boots
Stlth    ..........             (no amulet)
Regen    0.2/turn               (no ring)
MPRegen  0.1/turn               (no ring)

@: no status effects
A: retaliatory headbutt, horns 2
a: no special abilities


You were on level 4 of the Dungeon.
You were not hungry.

You visited 1 branch of the dungeon, and saw 4 of its levels.

You collected 138 gold pieces.

Inventory:

Hand Weapons
 a - a +0 war axe (weapon)
Armour
 c - a +0 shield (worn)
 g - a +0 plate armour (worn)
 u - a +0 pair of boots (worn)
Jewellery
 x - a cursed ring of protection from magic {unknown}
Wands
 t - a wand of flame (30/48)
Scrolls
 e - a scroll of noise {unknown}
 i - a scroll of recharging {unknown}
 k - 4 scrolls of identify {unknown}
 n - 2 scrolls of remove curse {unknown}
 q - a scroll of magic mapping {unknown}
 r - a scroll of blinking {unknown}
Potions
 d - 2 potions of might
 h - a potion of flight {unknown}
 l - 2 potions of brilliance {unknown}
 m - 2 potions of lignification {unknown}
 o - a potion of degeneration {unknown}
 p - a potion of heal wounds {unknown}
 s - a potion of mutation {unknown}
Comestibles
 b - 3 fruits
 f - 6 bread rations
 j - a royal jelly
 v - a meat ration
 w - a chunk of flesh


   Skills:
 + Level 4.7 Fighting
 + Level 4.4 Axes
 + Level 5.1 Armour
 + Level 0.2 Dodging
 + Level 0.1 Stealth
 + Level 4.8 Shields


You had 4 spell levels left.
You didn't know any spells.

Dungeon Overview and Level Annotations

Branches:
Dungeon (4/15)
 Temple: D:4-7

Altars:
Ashenzari
Cheibriados

Annotations:
D:4 Duvessa


Innate Abilities, Weirdness & Mutations

You reflexively headbutt those who attack you in melee.
You have a pair of horns on your head.


Message History

Duvessa is heavily wounded.
You block Duvessa's attack. Duvessa hits you but does no damage.
You hit Duvessa. Your headbutt misses Duvessa.
Duvessa is heavily wounded.
You block Duvessa's attack. Duvessa closely misses you.
You barely miss Duvessa. You headbutt Duvessa.
Duvessa is heavily wounded.
Duvessa hits you with a short sword. Duvessa hits you but does no damage.
You hit Duvessa. Your headbutt misses Duvessa.
Duvessa is heavily wounded.
Duvessa hits you but does no damage.
Some of the chunks of flesh in your inventory have rotted away.
You hit Duvessa but do no damage.
Duvessa is heavily wounded.
Duvessa hits you with a short sword.
* * * LOW HITPOINT WARNING * * *
Duvessa hits you with a short sword.
* * * LOW HITPOINT WARNING * * *
Duvessa hits you with a short sword!
You die...

.#).....................)...รท....
.#........###########.#####...###
.#....(...# #.# #...# ....#######
#.# ##...# ..)...# #.# #....#
.#..############# #.# #....#
...>............## #.# #....#
...############..# #.# ###### ####
##@# #.# # #..e)....# #####
#........# ....# #.(......# .##.#
#........# .##.# #####.##.# .##.#
.. .# .##.# #.# # ....#


You could see Duvessa (berserk).

Vanquished Creatures
  Dowan (D:4)
  2 orc wizards (D:4)
  6 adders
  2 worms (D:2)
  2 dart slugs
  3 leopard geckos
  2 orcs (D:4)
  3 giant cockroaches (D:2)
  6 goblins
  6 hobgoblins
  2 jackals (D:2)
  7 kobolds
  2 quokkas (D:4)
  A ball python (D:1)
  8 bats
  7 frilled lizards
  A jackal skeleton (D:4)
  6 rats
67 creatures vanquished.

Vanquished Creatures (others)
  A goblin (D:1)
1 creature vanquished.

Grand Total: 68 creatures vanquished

Notes
Turn   | Place    | Note
-------+----------+-------------------------------------------
     0 | D:1      | Romulous the Minotaur Fighter began the quest for the Orb.
     0 | D:1      | Reached XP level 1. HP: 19/19 MP: 0/0
    61 | D:1      | Found a snail-covered altar of Cheibriados.
   336 | D:1      | Reached XP level 2. HP: 17/27 MP: 1/1
   860 | D:2      | Reached XP level 3. HP: 31/33 MP: 2/2
   959 | D:2      | Reached skill level 4 in Armour
  1269 | D:2      | Reached XP level 4. HP: 41/41 MP: 3/3
  1598 | D:2      | Found a shattered altar of Ashenzari.
  2502 | D:4      | Reached XP level 5. HP: 47/47 MP: 4/4
  2637 | D:4      | Noticed Dowan
  2638 | D:4      | Noticed Duvessa
  2645 | D:4      | Killed Dowan
  2645 | D:4      | Reached skill level 5 in Armour
  2654 | D:4      | Slain by Duvessa

Skill      XL: |  1  2  3  4  5 |
---------------+----------------+-----
Fighting       | 4 |  4.7
Axes           | 3 4 |  4.4
Shields        | 4 |  4.8
Armour         | 4 5 |  5.1
Dodging        | |  0.2
Stealth        | |  0.1

Action                   |  1- 3 |  4- 6 || total
-------------------------+-------+-------++-------
Melee: War axe           |   108 |   116 ||   224
       Headbutt          |    16 |    13 ||    29
  Eat: Chunk             |     1 |     2 ||     3
       Bread ration      |       |     1 ||     1
Armor: Plate armour      |    87 |    95 ||   182
Dodge: Dodged            |    25 |    19 ||    44
Block: Shield            |    81 |    76 ||   157
